 Dungeon Crawl Stone Soup version 0.21.1-1-g345015fe64 (webtiles) character file.

146 Gargoyl the Skirmisher (level 5, -12/69 HPs)
             Began as a Centaur Abyssal Knight on June 13, 2018.
             Was a Follower of Lugonu.
             Killed by divine providence
             ... invoked by an orc priest
              (16 damage)
             ... on level 3 of the Dungeon.
             The game lasted 00:04:26 (2374 turns).

Gargoyl the Skirmisher (Centaur Abyssal Knight)     Turns: 2374, Time: 00:04:27

Health: -12/69     AC: 22    Str: 14    XL:     5   Next: 7%
Magic:  7/7        EV:  1    Int: 11    God:    Lugonu [*.....]
Gold:   120        SH:  0    Dex: 10    Spells: 4/4 levels left

rFire    + . .     SeeInvis .   a - +1 hand axe
rCold    . . .     Gourm    .   (no shield)
rNeg     + + +     Faith    .   (armour currently unavailable)
rPois    +         Spirit   .   (helmet currently unavailable)
rElec    .         Reflect  .   (cloak currently unavailable)
rCorr    +         Harm     .   (gloves currently unavailable)
MR       .....     NoTele   +   (no barding)
Stlth    +.........             (no amulet)
HPRegen  0.21/turn              d - ring of resist corrosion
MPRegen  0.10/turn              h - ring of protection from fire

@: tree-form
A: large
a: Depart the Abyss, Renounce Religion


You were on level 3 of the Dungeon.
You worshipped Lugonu.
Lugonu was aware of your devotion.
You were very hungry.
You were a tree.
You visited 1 branch of the dungeon, and saw 3 of its levels.
You visited the Abyss 1 time.

You collected 120 gold pieces.

Inventory:

Hand Weapons
 a - a +1 hand axe (weapon)
Missiles
 g - 3 poisoned tomahawks (quivered)
Armour
 b - a +0 cloak (melded)
 j - a +0 chain mail (melded)
Jewellery
 d - a ring of resist corrosion (left branch)
 h - a ring of protection from fire (right branch)
Scrolls
 n - a scroll of teleportation
 p - 2 scrolls of fog
Potions
 f - 3 potions of magic
 i - a potion of brilliance {unknown}
 k - a potion of curing {unknown}
 l - a potion of heal wounds {unknown}
Comestibles
 c - 5 rations


   Skills:
 + Level 3.8 Fighting
 + Level 2.7 Axes
 * Level 2.4 Armour
 + Level 1.0 Dodging
 * Level 2.9 Invocations


You had 4 spell levels left.
You didn't know any spells.

Dungeon Overview and Level Annotations

Branches:
Dungeon (3/15)

Altars:
Ru


Innate Abilities, Weirdness & Mutations

((You have hooves in place of feet.))
((Armour fits poorly on your strangely shaped body.))
((You cover ground very quickly.))
((You have extremely tough skin. (AC +3)))


Message History

The orc priest is almost dead.
The orc priest hits you with a short sword.
* * * LOW HITPOINT WARNING * * *
The orc priest barely misses you.
It was a potion of lignification.
You turn into a tree.
Your +0 cloak melds into your body.
Your +0 chain mail melds into your body.
Your roots penetrate the ground.
The orc priest hits you but does no damage.
You barely miss the orc priest.
The orc priest is almost dead.
The orc priest hits you but does no damage.
You closely miss the orc priest.
The orc priest is almost dead.
The orc priest hits you but does no damage.
You closely miss the orc priest.
The orc priest is almost dead.
The orc priest invokes the aid of Beogh against you.
Beogh smites you!
You die...

.#.# ######### .#.#
#.......#####
...#####.#####.#...#
†....§§§.§...#.#)#.#
.<)..§§§§.##.#.#.# #
.....§§§§..#.#.#.# #
.....§§§§.....>#.#.###
#.#..§.§..##.#..)#...#
..#........#.#..♣).#.#
.....####..#.....o...#
....#####..#######.###
..†........# .#
)..†.......# .#
...........# #
...........#
..........##
..........#


You could see an orc priest.

Vanquished Creatures
  An orc priest (D:3)
  An orc wizard (D:3)
  4 adders
  2 worms
  2 dart slugs
  3 leopard geckos (D:2)
  2 orcs (D:3)
  11 bats
  7 goblins
  3 hobgoblins (D:2)
  2 ball pythons (D:1)
  2 kobolds
  4 rats
44 creatures vanquished.

Notes
Turn   | Place    | Note
-------+----------+-------------------------------------------
     0 | Abyss:1  | Gargoyl the Centaur Abyssal Knight began the quest for the Orb.
     0 | Abyss:1  | Reached XP level 1. HP: 19/19 MP: 2/2
    37 | Abyss:2  | Noticed a large abomination
    46 | Abyss:2  | Noticed an ancient zyme
    51 | Abyss:2  | Noticed a large abomination
    61 | Abyss:2  | Noticed a thrashing horror
    61 | Abyss:2  | Noticed a chaos spawn
    62 | D:1      | Escaped the Abyss
   604 | D:1      | Reached XP level 2. HP: 22/26 MP: 3/3
   957 | D:1      | Reached * piety under Lugonu
  1050 | D:2      | Reached XP level 3. HP: 31/31 MP: 4/4
  1429 | D:2      | Found a sacrificial altar of Ru.
  2143 | D:3      | Reached XP level 4. HP: 29/40 MP: 5/5
  2345 | D:3      | Reached skill level 1 in Dodging
  2362 | D:3      | Reached XP level 5. HP: 23/46 MP: 7/7
  2374 | D:3      | Killed from afar by an orc priest

Skill      XL: |  1  2  3  4 |
---------------+-------------+-----
Axes           | 2 |  2.7
Armour         | 2 |  2.4
Dodging        | 1 |  1.0
Fighting       | |  3.8
Invocations    | |  2.9

Action                   |  1- 3 |  4- 6 || total
-------------------------+-------+-------++-------
Melee: Hand axe          |   125 |    35 ||   160
       Kick              |    16 |     7 ||    23
Invok: Depart the Abyss  |     1 |       ||     1
  Use: Scroll            |     2 |     3 ||     5
       Potion            |       |     1 ||     1
  Eat: Chunk             |     1 |     1 ||     2
Armor: Leather armour    |    20 |       ||    20
       Chain mail        |   102 |    19 ||   121
       Skin              |       |     3 ||     3
Dodge: Dodged            |    52 |     9 ||    61
